 Dungeon Crawl Stone Soup version 0.28-a0-957-g42eb19b844 (webtiles) character file.

Game seed: 11469405557266709849

5975 bearlyready the Destroyer (level 10, -2/56 HPs)
             Began as a Deep Elf Conjurer on Nov 30, 2021.
             Was an Initiate of Gozag.
             Slain by Harold (22 damage)
             ... on level 9 of the Dungeon.
             The game lasted 00:20:34 (10553 turns).

bearlyready the Destroyer (Deep Elf Conjurer)      Turns: 10553, Time: 00:20:34

Health: -2/56      AC: 10    Str:  4    XL:     10   Next: 55%
Magic:  11/24      EV: 10    Int: 28    God:    Gozag
Gold:   655        SH:  0    Dex: 13    Spells: 18/25 levels left

rFire   + . .      SeeInvis .   l - +1 dagger
rCold   . . .      Faith    .   (no shield)
rNeg    . . .      Spirit   .   k - +0 swamp dragon scales
rPois   +          Reflect  .   h - +0 helmet
rElec   .          Harm     .   f - scarf {+Inv}
rCorr   .          Rampage  .   (no gloves)
Will    +....                   d - +1 pair of boots
Stlth   +.........              (no amulet)
HPRegen 0.18/turn               c - ring of protection from fire
MPRegen 0.19/turn               (no ring)

@: marked, gold aura
A: no striking features
a: Renounce Religion, Evoke Invisibility, Potion Petition, Call Merchant, Bribe
Branch


You were on level 9 of the Dungeon.
You worshipped Gozag.
Gozag was pleased with you.
You visited 1 branch of the dungeon, and saw 9 of its levels.

You collected 835 gold pieces.
You paid 180 gold pieces to Gozag.

Inventory:

Hand Weapons
 l - a +1 dagger (weapon)
Armour
 a - a +0 robe
 d - a +1 pair of boots (worn)
 f - a scarf of invisibility (worn)
 h - a +0 helmet (worn)
 k - +0 swamp dragon scales (worn)
Magical Staves
 e - a staff of earth
Jewellery
 c - a ring of protection from fire (left hand)
 q - an amulet of faith
Wands
 m - a wand of digging (4)
 n - a wand of paralysis (10)
 r - a wand of flame (24)
 w - a wand of acid (6)
 z - a wand of polymorph (2)
Scrolls
 g - 3 scrolls of enchant armour
 j - a scroll of noise
 t - 2 scrolls of fear
 v - a scroll of teleportation
 x - a scroll of enchant weapon
 y - a scroll of blinking
Potions
 b - a potion of mutation
 i - a potion of degeneration
 o - a potion of invisibility
 p - 2 potions of flight
 s - 4 potions of curing
 u - a potion of lignification {unknown}


   Skills:
 - Level 3.2 Fighting
 + Level 8.1 Dodging
 - Level 2.4 Stealth
 + Level 8.2 Spellcasting
 + Level 11.5 Conjurations
 + Level 10.6 Hexes


You had 18 spell levels left.
You knew the following spells:

 Your Spells              Type           Power      Damage    Failure   Level
a - Magic Dart            Conj           100%       1d8       1%          1
b - Searing Ray           Conj           100%       2d8       1%          2
c - Fulminant Prism       Conj/Hex       32%        3d16      3%          4

Your spell library contained the following spells:

 Spells                   Type           Power      Damage    Failure   Level
 Dazzling Flash           Conj/Hex       100%       N/A       1%          3
 Foxfire                  Conj/Fire      100%       2x1d9     2%          1
 Static Discharge         Conj/Air       43%        N/A       4%          2
 Conjure Flame            Conj/Fire      43%        6-21      9%          3
 Inner Flame              Hex/Fire       41%        N/A       10%         3
 Flame Wave               Conj/Fire      43%        2d8       28%         4
 Iskenderun's Mystic Bla  Conj/Tloc      43%        2d10      28%         4
 Sticky Flame             Conj/Fire      43%        2d6       28%         4
 Gell's Gravitas          Tloc           11%        N/A       65%         3
 Lesser Beckoning         Tloc           11%        N/A       65%         3
 Teleport Other           Tloc           11%        N/A       65%         3
 Dispel Undead            Necr           11%        3d9       96%         4


Dungeon Overview and Level Annotations

Branches:
Dungeon (9/15)             Temple (0/1) D:6            Lair (0/6) D:8
    Orc: D:9-12

Altars:
Fedhas
Gozag
Hepliaklqana
Nemelex Xobeh
Okawaru
Ru
Sif Muna
Trog
Uskayaw
Xom
Zin

Shops:
D:1 =   D:2 =   D:8 [

Annotations:
D:4 Blork the orc
D:5 Pikel
D:6 Dowan
D:9 Harold


Message History

You feel sick.
The kobold brigand is distracted by your dazzling golden aura.
Casting: Fulminant Prism (dangerous; 3% risk of failure)
Confirm with . or Enter, or press ? or * to list all spells.
Aiming: Fulminant Prism (dangerous; 3% risk of failure)
Press: ? - help, Dir - move target You conjure a prism of explosive energy!
A fulminant prism comes into view.
You feel sick.
The kobold brigand is no longer distracted by gold.
Harold casts a spell at you. A sentinel's mark forms upon you.
You feel sick.
Your fulminant prism crackles loudly.
You feel sick.
Your fulminant prism explodes!
The blast of energy engulfs Harold!
Harold is heavily wounded.
The blast of energy engulfs the kobold brigand!!
You kill the kobold brigand!
Casting: Fulminant Prism (dangerous; 3% risk of failure)
Confirm with . or Enter, or press ? or * to list all spells.
Aiming: Searing Ray (safe; 1% risk of failure)
Press: ? - help, Shift-Dir - straight line, f - Harold
Aim: Harold, wielding a +0 scimitar, wearing a +0 scale mail and quivering 3 throwing nets (heavily wounded, 90% to hit)
The searing ray hits Harold.
Harold is heavily wounded. (Press . to maintain the ray.)
You feel sick.
Harold is distracted by your dazzling golden aura.
The searing ray hits Harold!
Harold is severely wounded.
Harold is no longer distracted by gold.
Harold shouts!
You feel sick.
You are no longer poisoned.
Harold hits you with a +0 scimitar!!
The searing ray misses Harold.
Harold hits you with a +0 scimitar!!
You die...
Your body crumbles into a pile of gold.

### #.# ##
##.####
##.##.@...#
##....@$...###
#............##
#.....<...)...##
#.......$.$$...#
#.....$...$$...#
#......$..#$..##
#..##.$..##..$.#
#.. #.$..#....$#


You could see Harold.

Vanquished Creatures
  Maggie (D:6)
  3 kobold demonologists (D:8)
  A hornet (D:8)
  Grinder (D:4)
  3 yaks (D:5)
  A wyvern (D:8)
  Edmund (D:5)
  An acid dragon (D:8)
  4 water moccasins
  An ice beast (D:7)
  Duvessa (D:6)
  A hornet zombie (D:8)
  2 orc warriors
  2 black bears (D:6)
  3 necrophages
  3 ogres
  A centaur (D:9)
  6 kobold brigands
  A phantom (D:4)
  2 lemures
  A bullfrog (D:7)
  A scorpion (D:5)
  A wyvern skeleton (D:5)
  6 killer bees
  10 wights (D:8)
  A centaur zombie (D:8)
  2 hounds
  3 orc priests
  2 gnoll shamans
  An iguana (D:7)
  7 orc wizards
  A killer bee zombie (D:7)
  2 hound skeletons
  A howler monkey zombie (D:6)
  2 adders (D:2)
  8 gnolls
  A shadow imp (D:5)
  A white imp (D:5)
  An ufetubus (D:4)
  2 worms (D:2)
  2 dart slugs
  25 orcs
  5 endoplasms
  6 giant cockroaches
  5 goblins
  A hobgoblin (D:3)
  8 jackals
  3 quokkas
  7 ball pythons
  6 bats
  A frilled lizard (D:2)
  26 kobolds
  5 rats
193 creatures vanquished.

Vanquished Creatures (others)
  48 fulminant prisms
  10 fungi (D:4)
  3 toadstools (D:4)
  7 withered plants (D:8)
68 creatures vanquished.

Grand Total: 261 creatures vanquished

Notes
Turn   | Place    | Note
-------+----------+-------------------------------------------
     0 | D:1      | bearlyready the Deep Elf Conjurer began the quest for the
                  | Orb.
     0 | D:1      | Reached XP level 1. HP: 10/10 MP: 6/6
   113 | D:1      | Found Hioh's Jewellery Boutique.
   445 | D:1      | Reached XP level 2. HP: 15/15 MP: 4/8
   499 | D:1      | Reached skill level 5 in Conjurations
   519 | D:1      | Learned a level 2 spell: Searing Ray
  1121 | D:2      | Found Pexted's Jewellery Shoppe.
  1154 | D:2      | Reached XP level 3. HP: 19/19 MP: 3/9
  1551 | D:2      | Reached skill level 6 in Conjurations
  2298 | D:3      | Reached XP level 4. HP: 24/24 MP: 6/10
  2407 | D:3      | Learned a level 4 spell: Fulminant Prism
  3080 | D:3      | You fall into a shaft and drop 1 floor!
  3084 | D:4      | Noticed a water moccasin
  3090 | D:4      | Killed a water moccasin
  3091 | D:4      | Reached skill level 7 in Conjurations
  3091 | D:4      | Reached XP level 5. HP: 28/28 MP: 3/11
  3221 | D:4      | Noticed Grinder
  3500 | D:4      | Reached XP level 6. HP: 27/32 MP: 8/13
  3658 | D:4      | Noticed Blork the orc
  3765 | D:4      | Reached skill level 1 in Fighting
  3816 | D:4      | Killed Grinder
  3817 | D:4      | Reached skill level 5 in Hexes
  3817 | D:4      | Reached XP level 7. HP: 37/39 MP: 3/15
  4385 | D:4      | Found a glowing silver altar of Zin.
  4498 | D:5      | Entered Level 5 of the Dungeon
  4658 | D:5      | Found a hide-covered altar of Uskayaw.
  4680 | D:5      | Noticed a yak
  4681 | D:5      | Noticed a yak
  4682 | D:5      | Noticed a yak
  4690 | D:5      | Killed a yak
  4690 | D:5      | Killed a yak
  4691 | D:5      | Reached skill level 8 in Conjurations
  4691 | D:5      | Reached XP level 8. HP: 32/45 MP: 4/16
  6192 | D:5      | Noticed Edmund
  6211 | D:5      | Killed Edmund
  6212 | D:5      | Reached skill level 9 in Conjurations
  6573 | D:6      | Noticed Pikel
  6735 | D:6      | Noticed Maggie
  7149 | D:6      | Killed Maggie
  7150 | D:6      | Reached skill level 5 in Dodging
  7150 | D:6      | Reached skill level 10 in Conjurations
  7150 | D:6      | Reached XP level 9. HP: 34/51 MP: 1/17
  7431 | D:6      | Found a staircase to the Ecumenical Temple.
  7446 | D:6      | Noticed Duvessa
  7446 | D:6      | Noticed Dowan
  7452 | D:6      | Killed Duvessa
  7539 | D:7      | Reached skill level 5 in Spellcasting
  8439 | D:7      | Found an opulent altar of Gozag.
  8439 | D:7      | Found a bloodstained altar of Trog.
  8451 | D:7      | Found an iron altar of Okawaru.
  8451 | D:7      | Found a shimmering blue altar of Sif Muna.
  8452 | D:7      | Found a sacrificial altar of Ru.
  8454 | D:7      | Found a hazy altar of Hepliaklqana.
  8455 | D:7      | Found a sparkling altar of Nemelex Xobeh.
  8581 | D:7      | Became a worshipper of Gozag Ym Sagoz the Greedy
  8810 | D:8      | Noticed a kobold demonologist
  8812 | D:8      | Noticed a kobold demonologist
  8813 | D:8      | Noticed a kobold demonologist
  8817 | D:8      | Noticed a red devil
  8819 | D:8      | Killed a kobold demonologist
  8822 | D:8      | Killed a kobold demonologist
  8950 | D:8      | Killed a kobold demonologist
  8951 | D:8      | Reached skill level 11 in Conjurations
  8951 | D:8      | Reached XP level 10. HP: 56/56 MP: 14/22
  9181 | D:8      | HP: 1/56 [hornet (11)]
  9183 | D:8      | Reached skill level 10 in Hexes
  9471 | D:8      | Found Yrinokuu's Armour Emporium.
  9472 | D:8      | Found a staircase to the Lair.
 10384 | D:8      | Found a shimmering altar of Xom.
 10385 | D:8      | Found a blossoming altar of Fedhas.
 10540 | D:9      | Noticed Harold
 10553 | D:9      | Slain by Harold

Illustrated notes

Levels and vault maps discovered:
D:1:      dpeg_arrival_fog, layout_loops_ring, serial_shops,
          nicolae_shop_crystal, amcnicky_mini_rare_corridor_liquid
D:2:      layout_loops_cross, serial_shops, nicolae_lakefront_shop
D:3:      layout_loops_ring, minmay_misc_feat_chi
D:4:      layout_cave_pools, zin_treasury, minmay_gold_behind_fungi,
          uniq_grinder, uniq_blork_the_orc
D:5:      layout_layer_cave, mainiacjoe_overflow_catwalk, uniq_edmund
D:6:      layout_layer_cave, minmay_temple_entry_purple_smoke,
          minmay_misc_feat_x, uniq_duvessa, uniq_crazy_yiuf_cottage, uniq_pikel,
          uniq_maggie
D:7:      layout_gridville, minitemple, kennysheep_dice
D:8:      layout_basic, amethyst_overflow_temple_binary, serial_undead,
          serial_undead_d, serial_undead_d, serial_undead_e, serial_undead_b,
          serial_shops, shop, minivault_25
D:9:      layout_cave_pools, orc_0_dummy, gammafunk_ghost_grave, hex_tiny,
          hangedman_abyss_or_decor_clamps, uniq_harold

Skill      XL: |  1  2  3  4  5  6  7  8  9 10 |
---------------+-------------------------------+-----
Conjurations   | 5 6 7 8 10 11 | 11.5
Hexes          | 2 3 5 6 8 9 10 | 10.6
Spellcasting   | 4 6 8 |  8.2
Fighting       | 1 2 3 |  3.2
Dodging        | 5 7 8 |  8.1
Stealth        | |  2.4

Action                   |  1- 3 |  4- 6 |  7- 9 | 10-12 || total
-------------------------+-------+-------+-------+-------++-------
Melee: Unarmed           |    15 |     3 |       |       ||    18
       Dagger            |       |     9 |    86 |    35 ||   130
 Cast: Magic Dart        |    28 |    10 |     5 |       ||    43
       Searing Ray       |    22 |    18 |    37 |    17 ||    94
       Fulminant Prism   |       |     2 |    27 |    19 ||    48
  Use: Scroll            |       |     4 |     7 |     1 ||    12
       Potion            |       |       |     3 |     1 ||     4
 Stab: Sleeping          |       |     1 |       |       ||     1
Armor: Robe              |    11 |    12 |    24 |       ||    47
       Swamp dragon scal |       |       |    30 |    36 ||    66
Dodge: Dodged            |    20 |    27 |    78 |    46 ||   171

Table legend: (Time is in decaauts)
 A = Elapsed time spent in this place.
 B = Non-inter-level travel time spent in this place.
 C = Inter-level travel time spent in this place.
 D = Time resting spent in this place.
 E = Time spent auto-exploring this place.
 F = Levels seen in this place.
 G = Mean time per level.
                   A        B        C        D        E       F      G
               +--------+--------+--------+--------+--------+-----+--------+
         Total |  10562 |  10240 |    322 |   1107 |   7562 |   9 | 1173.6 |
       Dungeon |  10562 |  10240 |    322 |   1107 |   7562 |   9 | 1173.6 |
               +--------+--------+--------+--------+--------+-----+--------+

Top non-repeatable levels by time:
     D:5: 2421 daAuts
     D:8: 1687 daAuts
     D:7: 1323 daAuts
     D:2: 1243 daAuts
     D:4: 1180 daAuts
     D:1: 1077 daAuts
     D:3: 1000 daAuts
     D:6: 541 daAuts
     D:9: 85 daAuts
